Map: Redshift LE

Players

ILIEKEGGPIE - Winner!

  • Race: Protoss Protoss
  • League: Platinum
  • Spawn Location: 7:00

Hyperator

  • Race: Protoss Protoss
  • League: Platinum
  • Spawn Location: 11:00

VOD

Have the link to the VOD?

Description

Time

  • Played on: May 25, 2018, 6:51 p.m.
  • Length: 5:26
Show
View Real Time Build Order
Export as new Build Order

ILIEKEGGPIE Protoss - Winner!

Build Orders:  

Get SALT Encoding   

  12  0:01  Probe  
  13  0:13  Probe  
  14  0:20  Pylon  
  14  0:30  Probe  
  15  0:38  Probe  
  16  0:46  Pylon  
  16  0:53  Pylon  
  16  0:55  Probe  
  16  0:57  Pylon  
  17  1:05  Gateway  
  17  1:11  Probe  
  18  1:12  Assimilator  
  18  1:17  Gateway  
  18  1:20  Gateway  
  18  1:31  Gateway  
  18  1:53  Cybernetics Core  
  18  1:57  Assimilator  
  18  1:59  Zealot x2  
  22  2:27  Zealot  
  24  2:32  Zealot x2  
  24  2:33  Zealot  
  30  2:43  Pylon  
  26  3:00  Warp Gate  
  26  3:06  Gateway  
  26  3:13  Zealot  
  26  3:21  Zealot  
  26  3:22  Zealot x2  
  34  3:41  Zealot  
  32  3:53  Zealot x3  
  34  4:09  Zealot  
  34  4:20  Zealot  
  36  4:26  Probe  
  37  4:32  Zealot x2  
  37  4:34  Pylon  
  37  4:38  Probe  
  35  4:49  Stalker  
  35  4:50  Probe  
Show
View Real Time Build Order
Export as new Build Order

Hyperator Protoss 

Build Orders:  

Get SALT Encoding   

  12  0:05  Probe  
  13  0:16  Probe  
  13  0:19  Pylon  
  14  0:25  Assimilator  
  14  0:40  Gateway  
  14  0:50  Probe  
  15  1:02  Probe  
  16  1:04  Pylon  
  16  1:14  Probe  
  16  1:15  Gateway  
  17  1:34  Cybernetics Core  
  17  1:39  Assimilator, Probe  
  18  1:47  Zealot  
  20  1:59  Probe  
  21  2:09  Stalker  
  21  2:11  Probe  
  24  2:23  Gateway  
  24  2:28  Probe  
  25  2:40  Probe  
  26  2:51  Pylon  
  26  3:05  Zealot  
  26  3:09  Probe  
  26  3:10  Pylon  
  27  3:17  Warp Gate  
  25  3:20  Zealot  
  27  3:38  Probe  
  17  3:50  Probe  
  16  4:03  Probe  
  19  4:15  Probe  
  15  4:41  Pylon  
  14  4:48  Adept  
Tags
 
Matchup
PvP
Replay Pack
Multi
Spawn Locations
Close Positions
Add a new tag
Caveats
  • Supply blocks, unpowered buildings, or Contaminate may cause inaccurate times.
  • Supply counts are checked every 10 seconds.